 Dungeon Crawl Stone Soup version 0.26-a0-651-gb41185065b (webtiles) character file.

Game seed: 14547012201588991979

2213 kae the Grappler (level 9, -2/76 HPs)
             Began as a Yellow Draconian Transmuter on Oct 13, 2020.
             Was a Follower of Wu Jian.
             Killed from afar by an electric eel (10 damage)
             ... with a bolt of electricity
             ... on level 7 of the Dungeon on Oct 14, 2020.
             The game lasted 00:07:18 (7138 turns).

kae the Grappler (Yellow Draconian Transmuter)      Turns: 7138, Time: 00:07:18

Health: -2/76      AC: 10    Str: 16    XL:     9   Next: 13%
Magic:  10/12      EV: 12    Int: 13    God:    Wu Jian [*.....]
Gold:   340        SH:  0    Dex: 12    Spells: 1/12 levels left

rFire    + . .     SeeInvis .     - Unarmed
rCold    . . .     Faith    .   (no shield)
rNeg     . . .     Spirit   .   (armour unavailable)
rPois    +         Reflect  .   (helmet restricted)
rElec    .         Harm     .   a - +0 cloak
rCorr    +         Rampage  .   (no gloves)
MR       .....                  d - +1 pair of boots
Stlth    +.........             (no amulet)
HPRegen  0.22/turn              m - ring of poison resistance
MPRegen  0.13/turn              r - ring of wizardry

@: short of breath, hasted, very quick
A: spit acid, unfitting armour, fire resistance 1, robust 2, cold-blooded,
subdued magic 1, acid resistance, AC +7
a: Breathe Acid, Renounce Religion


You were on level 7 of the Dungeon.
You worshipped Wu Jian.
Wu Jian was aware of your devotion.
You visited 2 branches of the dungeon, and saw 9 of its levels.

You collected 340 gold pieces.

Inventory:

Armour
 a - a +0 cloak (worn)
 d - a +1 pair of boots (worn)
Jewellery
 g - an uncursed ring of protection from fire {unknown}
 j - an uncursed ring of ice
 m - a ring of poison resistance (left hand)
 r - a ring of wizardry (right hand)
Wands
 o - a wand of acid (7)
Scrolls
 l - 3 scrolls of remove curse
Potions
 b - a potion of might
 i - a potion of brilliance
 k - a potion of stabbing


   Skills:
 - Level 1.1 Fighting
 - Level 1.7 Dodging
 * Level 10.3 Unarmed Combat
 - Level 2.0 Spellcasting
 + Level 7.2 Transmutations


You had one spell level left.
You knew the following spells:

 Your Spells              Type           Power        Failure   Level
a - Beastly Appendage     Tmut           ###...       1%          1
b - Wereblood             Tmut           ###.....     1%          2
c - Spider Form           Tmut/Pois      #.........   6%          3
d - Blade Hands           Tmut           ###.......   13%         5

Your spell library contained the following spells:

 Spells                   Type           Power        Failure   Level
 Ice Form                 Ice/Tmut       #.......     21%         4


Dungeon Overview and Level Annotations

Branches:
Dungeon (8/15)             Temple (1/1) D:5
   Lair: D:8-11

Altars:
Gozag
Kikubaaqudgha
Nemelex Xobeh
Sif Muna
Trog
Wu Jian
Xom
Yredelemnul


Innate Abilities, Weirdness & Mutations

You can spit globs of acid.
Your golden yellow scales are hard. (AC +7)
You cannot fit into any form of body armour.
You are cold-blooded and may be slowed by cold attacks.
You are resistant to acid. (rCorr)
Your flesh is heat resistant. (rF+)
You are very robust. (+20% HP)
Your spells are a little easier to cast, but a little less powerful.


Message History

Things that are here:
a +0 dire flail; a +0 chain mail The phantom blinks!
There is a stone staircase leading down here.
The phantom barely misses you.
You climb downwards.
An ice beast comes into view.
Your transformation has ended.
Your +0 cloak unmelds from your body.
Your +1 pair of boots unmelds from your body.
There is a stone staircase leading up here.
You climb upwards.
You hear the hiss of flowing sand.
There is an entrance to an ossuary on this level.
Hurry and find it before the portal is buried!
The orc closely misses you.
The electric eel shoots out a bolt of lightning at you!
The bolt of electricity hits the orc!
The orc dies!
The bolt of electricity hits you!
You die...

.........###.....≈P≈≈≈≈≈≈
...............≈.;P≈≈≈≈≈≈
.........)......PP≈≈≈≈≈≈≈
#........##...≈.≈≈≈≈P≈P≈.
##.....#.##..≈≈≈≈≈PP≈.P..
##...##)#....≈≈≈≈≈.≈....
##'# #[#..$≈≈≈≈P≈≈..###
#. #W#..≈;≈≈≈≈P...# # #
#@).##≈≈≈#...#.### ##..#
≈≈##........ #..#
≈≈###..##### #### ≈## ##
# #


You could see a phantom and an electric eel.

Vanquished Creatures
  A cyclops (D:7)
  Menkaure (D:4)
  An ice beast (D:6)
  2 orc warriors
  A sky beast (D:6)
  A black bear (D:4)
  A necrophage (D:6)
  2 ogres (D:6)
  A centaur (D:7)
  2 bullfrogs
  An electric eel (D:7)
  4 orc priests
  2 bullfrog skeletons (D:6)
  A hound (D:5)
  4 orc wizards
  An iguana (D:5)
  3 worker ants
  A hound zombie (D:6)
  2 hound skeletons (D:4)
  A howler monkey skeleton (D:4)
  13 gnolls
  4 adders
  An ooze (D:2)
  3 worms
  5 dart slugs
  6 leopard geckos
  30 orcs
  10 bats
  4 giant cockroaches
  8 goblins
  3 hobgoblins
  5 jackals
  6 kobolds
  5 frilled lizards
  A quokka skeleton (D:4)
  8 rats
145 creatures vanquished.

Vanquished Creatures (others)
  An orc (D:7)
  2 plants (D:7)
3 creatures vanquished.

Grand Total: 148 creatures vanquished

Notes
Turn   | Place    | Note
-------+----------+-------------------------------------------
     0 | D:1      | kae the Draconian Transmuter began the quest for the Orb.
     0 | D:1      | Reached XP level 1. HP: 16/16 MP: 3/3
   269 | D:1      | Reached XP level 2. HP: 17/23 MP: 3/5
   946 | D:2      | Reached XP level 3. HP: 28/28 MP: 4/6
   953 | D:2      | Learned a level 2 spell: Wereblood
   957 | D:2      | Learned a level 3 spell: Spider Form
   979 | D:2      | Reached skill level 4 in Unarmed Combat
  1421 | D:2      | Reached XP level 4. HP: 35/35 MP: 7/7
  1627 | D:2      | Found an opulent altar of Gozag.
  2161 | D:3      | Reached skill level 5 in Unarmed Combat
  2165 | D:3      | Reached XP level 5. HP: 34/40 MP: 4/8
  2321 | D:3      | Found a faded altar of an unknown god.
  2550 | D:3      | Found an ornate altar of the Wu Jian Council.
  2577 | D:3      | Became a worshipper of the Wu Jian Council
  3178 | D:4      | Noticed Menkaure
  3193 | D:4      | Killed Menkaure
  3193 | D:4      | Reached skill level 6 in Unarmed Combat
  3193 | D:4      | Reached XP level 6. HP: 41/47 MP: 2/9
  3486 | D:4      | Found a shimmering blue altar of Sif Muna.
  3697 | D:4      | Reached skill level 7 in Unarmed Combat
  3697 | D:4      | Your scales start taking on a golden yellow colour.
  3697 | D:4      | Reached XP level 7. HP: 44/52 MP: 6/10
  3697 | D:4      | Gained mutation: You are resistant to acid. (rCorr) [Yellow
                  | Draconian growth]
  3907 | D:5      | Entered Level 5 of the Dungeon
  4180 | D:5      | Found an ancient bone altar of Kikubaaqudgha.
  4289 | D:5      | Reached * piety under Wu Jian
  4497 | D:5      | Found a shimmering altar of Xom.
  4500 | D:5      | Found a basalt altar of Yredelemnul.
  4503 | D:5      | Found a sparkling altar of Nemelex Xobeh.
  4669 | D:5      | Found a staircase to the Ecumenical Temple.
  4678 | Temple   | Entered the Ecumenical Temple
  4768 | D:6      | Reached skill level 5 in Transmutations
  5112 | D:6      | Reached skill level 8 in Unarmed Combat
  5163 | D:6      | Reached XP level 8. HP: 59/59 MP: 11/11
  5229 | D:6      | Found a bloodstained altar of Trog.
  5640 | D:6      | Reached skill level 9 in Unarmed Combat
  6595 | D:7      | Learned a level 5 spell: Blade Hands
  6940 | D:7      | Noticed a cyclops
  6970 | D:7      | Killed a cyclops
  6970 | D:7      | Reached skill level 10 in Unarmed Combat
  6970 | D:7      | Reached XP level 9. HP: 35/64 MP: 6/12
  7057 | D:7      | Gained mutation: You are robust. (+10% HP) [potion of
                  | mutation]
  7057 | D:7      | Gained mutation: Your spells are a little easier to cast,
                  | but a little less powerful. [potion of mutation]
  7057 | D:7      | Gained mutation: You are very robust. (+20% HP) [potion of
                  | mutation]
  7057 | D:7      | Gained mutation: Your flesh is heat resistant. (rF+)
                  | [potion of mutation]
  7138 | D:7      | Killed from afar by an electric eel

Illustrated notes

Levels and vault maps discovered:
D:1:      doesnt_arrival_eight_statues, layout_loops_cross
D:2:      layout_rooms, hangedman_decor_points, nrook_mini_backslash,
          grunt_decor_resistance, nicolae_gozag_seed_capital
D:3:      layout_rooms, nicolae_overflow_crystal_walls,
          chequers_ecumenical_altar_twisty
D:4:      layout_basic, minivault_14, lemuel_tele_altar, uniq_menkaure
D:5:      layout_loops_ring, kiku_gazebo_pond_becter,
          grunt_temple_overflow_diamond, lemuel_temple_firewalk_a,
          minmay_misc_feat_enclosed
D:6:      minmay_bubble_buster, layout_basic, lemuel_round_altar
D:7:      kennysheep_big_flooded_room, layout_loops_corners, minitemple,
          nicolae_ru_awakened_eye, nicolae_ossuary_entry_false_entrances,
          chequers_big_river
D:8:      layout_cave_pools, lemuel_doored_altar
Temple:   jpeg_temple_clearing

Skill      XL: |  1  2  3  4  5  6  7  8 |
---------------+-------------------------+-----
Unarmed Combat | 4 5 6 7 8 10 | 10.3
Transmutations | 3 4 5 7 |  7.2
Fighting       | |  1.1
Dodging        | |  1.7
Spellcasting   | |  2.0

Action                   |  1- 3 |  4- 6 |  7- 9 || total
-------------------------+-------+-------+-------++-------
Melee: Unarmed           |    93 |   202 |   156 ||   451
       Tailslap          |     7 |    15 |     7 ||    29
       Kick              |     8 |    15 |    11 ||    34
       Headbutt          |     7 |    12 |     6 ||    25
       Punch             |     1 |     2 |     2 ||     5
 Cast: Beastly Appendage |    19 |    21 |    10 ||    50
       Spider Form       |     1 |     6 |    12 ||    19
Invok: Lunge             |       |     5 |     8 ||    13
       Whirlwind         |       |       |     1 ||     1
 Abil: Breathe Acid      |       |       |     1 ||     1
  Use: Scroll            |     4 |     4 |     9 ||    17
       Potion            |       |     5 |     7 ||    12
 Stab: Sleeping          |       |     1 |       ||     1
Armor: Skin              |    25 |    52 |    27 ||   104
Dodge: Dodged            |    80 |   127 |    82 ||   289

Table legend: (Time is in decaauts)
 A = Elapsed time spent in this place.
 B = Non-inter-level travel time spent in this place.
 C = Inter-level travel time spent in this place.
 D = Time resting spent in this place.
 E = Time spent auto-exploring this place.
 F = Levels seen in this place.
 G = Mean time per level.
                   A        B        C        D        E       F      G
               +--------+--------+--------+--------+--------+-----+--------+
         Total |   7064 |   6838 |    226 |     42 |   5633 |   9 |  784.9 |
       Dungeon |   7063 |   6837 |    226 |     42 |   5633 |   8 |  882.9 |
        Temple |      1 |      1 |      0 |      0 |      0 |   1 |    1.0 |
               +--------+--------+--------+--------+--------+-----+--------+

Top non-repeatable levels by time:
     D:6: 1632 daAuts
     D:2: 1072 daAuts
     D:4: 994 daAuts
     D:5: 987 daAuts
     D:1: 925 daAuts
     D:3: 874 daAuts
     D:7: 575 daAuts
  Temple: 1 daAuts
     D:8: 1 daAuts
